 Dungeon Crawl Stone Soup version 0.32-a0-391-gce5c0aab1b (webtiles) character file.

Game seed: 4671119129685226479

255 ragingrage the Cutter (level 5, -4/41 HPs)
             Began as a Demigod Brigand on Feb 19, 2024.
             Slain by Menkaure (19 damage)
             ... on level 4 of the Dungeon.
             The game lasted 00:03:25 (3760 turns).

ragingrage the Cutter (Demigod Brigand)             Turns: 3760, Time: 00:03:25

Health: -4/41      AC:  6    Str: 12    XL:     5   Next: 60%
Magic:  7/7        EV: 10    Int: 16    God:
Gold:   17         SH:  0    Dex: 19    Spells: 4/4 levels left

rFire   . . .        v - +6 rapier of Currency {freeze, Int+3}
rCold   . . .        (no shield)
rNeg    . . .        m - +0 ring mail
rPois   .            (no helmet)
rElec   .            c - +0 cloak
rCorr   .            (no gloves)
SInv    .            (no boots)
Will    .....        (no amulet)
Stlth   ++           (no ring)
HPRegen 0.26/turn    (no ring)
MPRegen 0.10/turn

%: no passive effects
@: no status effects
A: high MP 1, forlorn, divine attributes
a: no special abilities


You were on level 4 of the Dungeon.
You visited 1 branch of the dungeon, and saw 4 of its levels.

You collected 215 gold pieces.
You spent 198 gold pieces at shops.

Inventory:

Hand Weapons
 a - a +2 dagger
 v - the +6 rapier of Currency (weapon) {freeze, Int+3}
   (You bought it in a shop on level 2 of the Dungeon)

   Int+3:     It affects your intelligence (+3).
Missiles
 d - 9 poisoned darts (quivered)
 e - 3 curare-tipped darts
Armour
 c - a +0 cloak (worn)
 m - a +0 ring mail (worn)
Jewellery
 r - a ring of fire
Scrolls
 b - 3 scrolls of fear
 f - 2 scrolls of teleportation {unknown}
 g - a scroll of fog
 h - a scroll of immolation {unknown}
 i - a scroll of amnesia {unknown}
 l - a scroll of vulnerability {unknown}
 n - 2 scrolls of enchant weapon {unknown}
 o - 2 scrolls of enchant armour {unknown}
 p - 2 scrolls of identify {unknown}
 q - a scroll of silence {unknown}
 w - a scroll of noise {unknown}
Potions
 j - a potion of attraction {unknown}
 k - 2 potions of brilliance {unknown}
 s - a potion of magic {unknown}
 t - a potion of cancellation {unknown}
 u - a potion of curing {unknown}


   Skills:
 - Level 1.7 Fighting
 + Level 5.7 Short Blades
 - Level 1.7 Throwing
 - Level 0.8 Dodging
 - Level 3.6 Stealth


You had 4 spell levels left.
You didn't know any spells.
Your spell library was empty.

Dungeon Overview and Level Annotations

Branches:
Dungeon (4/15)             Temple (0/1) D:4

Shops:
D:1 *   D:2 (

Annotations:
D:4 Menkaure


Innate Abilities, Weirdness & Mutations

You have an increased reservoir of magic. (+10% MP)
You shall have no god before yourself.
Your divine heritage dramatically boosts your attributes as you level up.


Message History

You see here 5 stones.
Found a stone staircase leading up.
There is an open door here.
You open the door.
There is an open door here.
You open the door.
There is an open door here.
There is an open door here.
You open the door. You open the door.
There is an open door here.
A ribbon worm comes into view.
A ribbon worm is nearby!
A ribbon worm is nearby!
You hit the ribbon worm. You freeze the ribbon worm. The ribbon worm bites you.
You puncture the ribbon worm! You freeze the ribbon worm.
You kill the ribbon worm!
No target in view!
No target in view!
No target in view!
No target in view!
No target in view!
No target in view!
No target in view!
You see here a ribbon worm corpse.
Partly explored, can't reach some places.
Partly explored, can't reach some places.
Partly explored, can't reach some places.
No target in view!
Really walk into a travel-excluded area?
Menkaure shouts!
Menkaure hits you!
You hit Menkaure but do no damage. Menkaure hits you!
You puncture Menkaure! You hit Menkaure.
Menkaure mumbles, "Let me perform the rites..."
Menkaure points at you and mumbles some strange words.
Pain shoots through your body!
You hit Menkaure. Menkaure hits you!!
You die...

#.#.......#.##........
##'#########.##.#######
###.......# #.##.......#
#.........# #.########.#
#.........####.# #.#
#......#.......########'#
#........................
#......#.......#######...
#......#@......#.....#...
#......#M......#.###.....
#..†...#.........###..#..
#......#......#####...#..
#......####.........#.#.#
#......# #..........###.
#......# #.......#...#..
#....### #........#.....
#....# #.....#####.>.#


You could see Menkaure.

Vanquished Creatures
  An orc wizard (D:4)
  4 gnolls (D:2)
  4 adders
  4 dart slugs
  2 ribbon worms (D:4)
  2 orcs (D:4)
  6 ball pythons
  5 bats
  3 endoplasms
  4 giant cockroaches
  8 goblins
  9 hobgoblins
  6 jackals (D:2)
  5 quokkas
  A frilled lizard (D:1)
  9 kobolds
  5 rats
78 creatures vanquished.

Notes
Turn   | Place    | Note
-------+----------+-------------------------------------------
     0 | D:1      | ragingrage the Demigod Brigand began the quest for the Orb.
     0 | D:1      | Reached XP level 1. HP: 17/17 MP: 3/3
    39 | D:1      | Reached skill level 2 in Short Blades
   117 | D:1      | Found Rithro Daq's General Store.
   181 | D:1      | Reached XP level 2. HP: 24/24 MP: 4/4
   362 | D:1      | Reached skill level 3 in Short Blades
   888 | D:2      | Reached XP level 3. HP: 27/29 MP: 5/5
   972 | D:2      | Found Vawnegir's Antique Weapon Boutique.
  1236 | D:2      | Reached skill level 4 in Short Blades
  1303 | D:2      | Reached XP level 4. HP: 29/36 MP: 6/6
  2104 | D:3      | Reached skill level 5 in Short Blades
  2143 | D:3      | Reached XP level 5. HP: 41/41 MP: 7/7
  2896 | D:2      | Bought a slimy rapier for 198 gold pieces
  2896 | D:2      | Identified the +6 rapier of Currency {freeze, Int+3} (You
                  | bought it in a shop on level 2 of the Dungeon)
  3140 | D:4      | Noticed Menkaure
  3297 | D:4      | Found a staircase to the Ecumenical Temple.
  3760 | D:4      | Slain by Menkaure

Illustrated notes

Levels and vault maps discovered:
D:1:      wander_arrival_fairy_ring, layout_basic, serial_shops,
          nicolae_shop_tiny_glass
D:2:      minmay_chambers_of_twos, layout_basic, serial_shops, shop,
          chequers_serial_rivers_large_a
D:3:      layout_basic
D:4:      layout_basic, minmay_temple_entry_arrows, uniq_menkaure

Skill      XL: |  1  2  3  4 |
---------------+-------------+-----
Short Blades   | 2 3 4 5 |  5.7
Fighting       | |  1.7
Throwing       | |  1.7
Dodging        | |  0.8
Stealth        | |  3.6

Action                     |  1- 3 |  4- 6 || total
---------------------------+-------+-------++-------
  Melee: Dagger            |   104 |   169 ||   273
         Rapier            |       |    29 ||    29
  Throw: Dart              |    12 |     1 ||    13
    Use: Scroll            |     1 |     1 ||     2
         Potion            |     1 |       ||     1
   Stab: Sleeping          |     5 |     5 ||    10
 Armour: Robe              |    15 |       ||    15
         Ring mail         |    46 |    91 ||   137
  Dodge: Dodged            |    50 |    75 ||   125

Table legend: (Time is in decaauts)
 A = Elapsed time spent in this place.
 B = Non-inter-level travel time spent in this place.
 C = Inter-level travel time spent in this place.
 D = Time resting spent in this place.
 E = Time spent auto-exploring this place.
 F = Levels seen in this place.
 G = Mean time per level.
                   A        B        C        D        E       F      G
               +--------+--------+--------+--------+--------+-----+--------+
         Total |   3716 |   3473 |    243 |    117 |   2717 |   4 |  929.0 |
       Dungeon |   3716 |   3473 |    243 |    117 |   2717 |   4 |  929.0 |
               +--------+--------+--------+--------+--------+-----+--------+

Top non-repeatable levels by time:
     D:2: 1102 daAuts
     D:4: 1092 daAuts
     D:1: 831 daAuts
     D:3: 690 daAuts
